 Dungeon Crawl Stone Soup version 0.25-a0-285-gcba6f664f8 (webtiles) character file.

Game seed: 11748031322681404255, levelgen mode: deterministic

57 kae the Firebug (level 4, -7/24 HPs)
             Began as a Tengu Fire Elementalist on Dec 11, 2019.
             Mangled by a worm (9 damage)
             ... on level 1 of the Dungeon.
             The game lasted 00:01:17 (1619 turns).

kae the Firebug (Tengu Fire Elementalist)           Turns: 1619, Time: 00:01:18

Health: -7/24      AC:  2    Str:  9    XL:     4   Next: 0%
Magic:  5/8        EV: 12    Int: 16    God:
Gold:   66         SH:  0    Dex: 14    Spells: 3/7 levels left

rFire    . . .     SeeInvis .   k - +2 short sword (venom)
rCold    . . .     Gourm    .   (no shield)
rNeg     . . .     Faith    .   a - +0 robe
rPois    .         Spirit   .   (helmet restricted)
rElec    .         Reflect  .   (no cloak)
rCorr    .         Harm     .   (no gloves)
MR       .....                  (boots unavailable)
Stlth    ++........             (no amulet)
HPRegen  0.08/turn              (no ring)
MPRegen  0.11/turn              (no ring)

@: no status effects
A: beak, talons 3
a: no special abilities


You were on level 1 of the Dungeon.
You were not hungry.

You visited 1 branch of the dungeon, and saw 2 of its levels.

You collected 66 gold pieces.

Inventory:

Hand Weapons
 k - a +2 short sword of venom (weapon)
Armour
 a - a +0 robe (worn)
Scrolls
 b - a scroll of immolation {unknown}
 e - a scroll of enchant weapon {unknown}
 f - 2 scrolls of identify {unknown}
 g - 2 scrolls of enchant armour {unknown}
 h - a scroll of amnesia {unknown}
 j - a scroll of teleportation {unknown}
 l - a scroll of magic mapping {unknown}
Potions
 d - a potion of mutation {unknown}
 i - a potion of ambrosia {unknown}
 m - a potion of cancellation {unknown}
Comestibles
 c - 2 rations


   Skills:
 - Level 2.1 Dodging
 - Level 2.0 Stealth
 + Level 2.4 Spellcasting
 * Level 3.2 Conjurations
 * Level 4.1 Fire Magic


You had 3 spell levels left.
You knew the following spells:

 Your Spells              Type           Power        Failure   Level  Hunger
a - Foxfire               Conj/Fire      ##..         4%          1    #......
b - Conjure Flame         Conj/Fire      ##......     13%         3    ###....

Your spell library contained the following spells:

 Spells                   Type           Power        Failure   Level  Hunger
 Inner Flame              Hex/Fire       #.......     26%         3    ###....
 Sticky Flame             Conj/Fire      ##......     41%         4    #####..
 Fireball                 Conj/Fire      ##........   77%         5    ######.


Dungeon Overview and Level Annotations

Branches:
Dungeon (2/15)

Altars:


Innate Abilities, Weirdness & Mutations

You have a beak for a mouth.
You have claws for feet.


Message History

The worm bites you. The dart slug closely misses you.
You climb upwards.
There is a stone staircase leading down here.
Unknown command.
Casting: Foxfire (safe; 4% risk of failure)
Confirm with . or Enter, or press ? or * to list all spells.
You conjure some foxfire!
The foxfire hits the dart slug.
The dart slug is heavily wounded.
The worm bites you!
* * * LOW HITPOINT WARNING * * *
The dart slug bites you but does no damage.
Casting: Foxfire (safe; 4% risk of failure)
Confirm with . or Enter, or press ? or * to list all spells.
You conjure some foxfire!
The dart slug launches a dart at you. The slug dart hits you.
* * * LOW HITPOINT WARNING * * *
The worm bites you!
You die...

.##########......#.....#.......÷.
.#.#...........#.#.#############.
.#......###........##..........).
.#.#.##.# #......####.#.#.#.#....
......#.# ##.......##.#.###.#....
......#.# #....#.#.##....#......#
#÷....#.# #.#....#.##...###.....#
......#.# #.#..ww#....### ###...#
......#.# #.#..v@###..## #<...#
##.####.###.#..### #..># ##...#
##..........#### #..## #>....
..###..........# #...# ##...# ..#
#....#####.# #..### ###..## ..#
#.......##.# #....###.[....
..###.......##.# #.....#......#
.............#.# #..#.###.#...#
..###........#.# #..#.#>#.#...#


You could see a worm and a dart slug.

Vanquished Creatures
  An adder (D:1)
  2 oozes
  A dart slug (D:1)
  6 bats
  2 giant cockroaches (D:1)
  3 goblins (D:1)
  3 hobgoblins (D:1)
  5 jackals (D:1)
  7 frilled lizards (D:1)
  3 kobolds (D:1)
  4 rats (D:1)
37 creatures vanquished.

Vanquished Creatures (others)
  91 foxfires
91 creatures vanquished.

Grand Total: 128 creatures vanquished

Notes
Turn   | Place    | Note
-------+----------+-------------------------------------------
     0 | D:1      | kae the Tengu Fire Elementalist began the quest for the
                  | Orb.
     0 | D:1      | Reached XP level 1. HP: 10/10 MP: 4/4
   198 | D:1      | Reached XP level 2. HP: 15/15 MP: 4/6
   538 | D:1      | Reached XP level 3. HP: 5/19 MP: 3/7
   816 | D:1      | Learned a level 3 spell: Conjure Flame
  1498 | D:2      | Reached skill level 4 in Fire Magic
  1512 | D:1      | Reached XP level 4. HP: 20/24 MP: 4/8
  1619 | D:1      | Mangled by a worm

Levels and vault maps discovered:
D:1:      onia_arrival_handbag, layout_basic, minmay_misc_feat_tiny,
          minmay_heptomino_w4
D:2:      layout_rooms, uniq_natasha

Skill      XL: |  1  2  3 |
---------------+----------+-----
Conjurations   | 2 3 |  3.2
Fire Magic     | 4 |  4.1
Dodging        | |  2.1
Stealth        | |  2.0
Spellcasting   | |  2.4

Action                   |  1- 3 |  4- 6 || total
-------------------------+-------+-------++-------
Melee: Unarmed           |    25 |       ||    25
       Kick              |     5 |       ||     5
       Peck              |     3 |       ||     3
       Short sword       |    13 |     1 ||    14
 Cast: Foxfire           |    51 |     3 ||    54
  Eat: Chunk             |     2 |     1 ||     3
Armor: Robe              |    19 |     1 ||    20
Dodge: Dodged            |    50 |     1 ||    51

Table legend:
 A = Non-vault XP
 B = Vault XP
 C = Vault XP percentage of total XP
 D = Non-vault monster count
 E = Vault monster count
 F = Vault count percentage of total count
                 A         B        C        D         E       F
            +---------+---------+-------+---------+---------+-------
      Total |      65 |      17 |  20.7 |      29 |       8 |  21.6
            +---------+---------+-------+---------+---------+-------
        D:1 |      56 |      17 |  23.3 |      27 |       8 |  22.9
        D:2 |       9 |       0 |   0.0 |       2 |       0 |   0.0
            +---------+---------+-------+---------+---------+-------
